 Dungeon Crawl Stone Soup version 0.27-a0-385-g3208abaabc (webtiles) character file.

Game seed: 4502925883545980399

69 ReteAZ the Skirmisher (level 3, -10/33 HPs)
             Began as a Demigod Wanderer on Feb 19, 2021.
             Killed by nerve-wracking pain
             ... invoked by Jessica
              (11 damage)
             ... on level 2 of the Dungeon.
             The game lasted 00:02:17 (1414 turns).

ReteAZ the Skirmisher (Demigod Wanderer)            Turns: 1414, Time: 00:02:17

Health: -10/33     AC:  5    Str: 17    XL:     3   Next: 75%
Magic:  5/5        EV: 11    Int: 12    God:
Gold:   55         SH:  4    Dex: 15    Spells: 2/2 levels left

rFire    . . .     SeeInvis .   a - +2 spear
rCold    . . .     Faith    .   j - +0 buckler
rNeg     . . .     Spirit   .   b - +0 ring mail
rPois    .         Reflect  .   (no helmet)
rElec    .         Harm     .   (no cloak)
rCorr    .         Rampage  .   (no gloves)
Will     .....                  (no boots)
Stlth    +.........             (no amulet)
HPRegen  0.11/turn              (no ring)
MPRegen  0.09/turn              (no ring)

@: no status effects
A: high mp 1
a: no special abilities


You were on level 2 of the Dungeon.
You visited 1 branch of the dungeon, and saw 2 of its levels.

You collected 55 gold pieces.

Inventory:

Hand Weapons
 a - a +2 spear (weapon)
Armour
 b - a +0 ring mail (worn)
 j - a +0 buckler (worn)
Scrolls
 d - a scroll of enchant weapon {unknown}
 g - a scroll of immolation {unknown}
 h - a scroll of identify {unknown}
 k - a scroll of fog {unknown}
Potions
 c - a potion of curing
 f - a potion of haste {unknown}
 i - a potion of brilliance {unknown}


   Skills:
 + Level 3.6 Fighting
 - Level 1.7(2.5) Axes
 - Level 2.6(3.0) Polearms
 + Level 2.1 Dodging
 - Level 1.0 Stealth
 + Level 1.1 Shields


You had 2 spell levels left.
You didn't know any spells.
Your spell library was empty.

Dungeon Overview and Level Annotations

Branches:
Dungeon (2/15)

Annotations:
D:2 Jessica, Robin


Innate Abilities, Weirdness & Mutations

You have an increased reservoir of magic. (+10% MP)


Message History

The goblin shoots a stone.
The stone barely misses you.
Robin roars a battlecry!
The hobgoblin goes into a battle-frenzy!
The goblin shoots a stone.
The stone hits you.
A bullfrog zombie comes into view.
The goblin shoots a stone.
The stone hits you.
* * * LOW HITPOINT WARNING * * *
You are too injured to fight recklessly!
You are too injured to fight recklessly!
Unknown command.
Saving game... please wait.
Level annotation: Jessica, Robin Welcome back, ReteAZ the Demigod Wanderer.
Press ? for a list of commands and other information.
The bullfrog zombie hits you but does no damage.
The goblin shoots a stone.
You block the stone. You block the bullfrog zombie's attack.
The bullfrog zombie barely misses you.
The bullfrog zombie hits you but does no damage.
Jessica shouts!
The bullfrog zombie closely misses you.
Jessica very coldly says, "I hate your company."
Jessica points at you and mumbles some strange words.
Pain shoots through your body!
* * * LOW HITPOINT WARNING * * *
The bullfrog zombie hits you.
* * * LOW HITPOINT WARNING * * *
You block Jessica's attack. Jessica barely misses you.
Jessica gestures at you while chanting. Pain shoots through your body!
* * * LOW HITPOINT WARNING * * *
The goblin shoots a stone.
You block the stone.
The bullfrog zombie hits you but does no damage.
Jessica mumbles some strange words.
Jessica seems to speed up.
The goblin shoots a stone.
The stone misses you. Jessica gestures at you while chanting.
Pain shoots through your body!
You die...

######........# #.#.# #)#
#............# ###.#.####.#
#..........### #........#)#
##....####### #)#.÷###.#.#
#.....# #######....###.#)#
#.....#####.....÷..#.....#)#
#.........#.(.....##..####.#
#....###.##.......##...# #.#
#......#.##...@...##.#.###.#
###....#.##.......##.#..##.#
#....#.##..Z....##.##.##g#
#...†#.##...@...##.....#.#
#.<....##.......####.#.#g#
#....#########gg÷....#...#
#....# #.###.####g.# #....#
#.###.# #..# #....# #.g...#
#..#


You could see Jessica (fast), a bullfrog zombie, a hobgoblin and a goblin.

Vanquished Creatures
  A hound (D:1)
  8 bats
  9 goblins
  5 hobgoblins
  2 jackals (D:1)
  A quokka (D:2)
  2 frilled lizards
  3 kobolds (D:1)
  5 rats
36 creatures vanquished.

Notes
Turn   | Place    | Note
-------+----------+-------------------------------------------
     0 | D:1      | ReteAZ the Demigod Wanderer began the quest for the Orb.
     0 | D:1      | ReteAZ set off with the following items: a +2 spear, a +0
                  | ring mail, a potion of curing
     0 | D:1      | Reached XP level 1. HP: 18/18 MP: 3/3
   227 | D:1      | Reached skill level 3 in Fighting
   232 | D:1      | Reached skill level 1 in Dodging
   275 | D:1      | Reached XP level 2. HP: 26/26 MP: 4/4
   992 | D:2      | Noticed Jessica
   994 | D:2      | Noticed Robin
  1007 | D:1      | Reached XP level 3. HP: 21/31 MP: 5/5
  1412 | D:2      | HP: 1/33 [Jessica/nerve-wracking pain (5)]
  1414 | D:2      | Killed from afar by Jessica

Illustrated notes

Levels and vault maps discovered:
D:1:      matt_arrival_spirals, layout_basic
D:2:      layout_basic, uniq_robin, uniq_jessica

Skill      XL: |  1  2  3 |
---------------+----------+-----
Fighting       | 3 |  3.6
Dodging        | 1 2 |  2.1
Axes           | |  1.7
Polearms       | |  2.6
Stealth        | |  1.0
Shields        | |  1.1

Action                   || total
-------------------------++-------
Melee: Spear             ||   103
  Use: Potion            ||     1
 Stab: Sleeping          ||     2
Armor: Ring mail         ||    40
Dodge: Dodged            ||    53
Block: Buckler           ||    16

Table legend: (Time is in decaauts)
 A = Elapsed time spent in this place.
 B = Non-inter-level travel time spent in this place.
 C = Inter-level travel time spent in this place.
 D = Time resting spent in this place.
 E = Time spent auto-exploring this place.
 F = Levels seen in this place.
 G = Mean time per level.
                   A        B        C        D        E       F      G
               +--------+--------+--------+--------+--------+-----+--------+
         Total |   1411 |   1368 |     43 |     90 |   1011 |   2 |  705.5 |
       Dungeon |   1411 |   1368 |     43 |     90 |   1011 |   2 |  705.5 |
               +--------+--------+--------+--------+--------+-----+--------+

Top non-repeatable levels by time:
     D:1: 1097 daAuts
     D:2: 314 daAuts
